 Dungeon Crawl Stone Soup version 0.30-a0-149-g7f746667c4 (webtiles) character file.

Game seed: 7433723766440215592

36172 Flugkiller the Zephyrmancer (level 13, 0/72 HPs)
             Began as a Spriggan Air Elementalist on Sept 26, 2022.
             Was a High Priest of Ashenzari.
             Killed from afar by a fire dragon (38 damage)
             ... with a blast of flame
             ... on level 5 of the Lair of Beasts.
             The game lasted 00:27:47 (20125 turns).

Flugkiller the Zephyrmancer (SpAE)                 Turns: 20125, Time: 00:27:48

Health: 0/72       AC:  7    Str:  8    XL:     13   Next: 51%
Magic:  32/32      EV: 22    Int: 26    God:    Ashenzari [*****.]
Gold:   1200       SH:  7    Dex: 17    Spells: 19/41 levels left

rFire   . . .      SeeInvis +    I - +7 whip of the Prescient Jealousy {protect, rElec Str+4, Self, Cun} (curse)
rCold   . . .      Faith    .    H - +0 buckler of Ashenzari's Mysticism {Elem, Bglg} (curse)
rNeg    . . .      Spirit   .    G - +0 troll leather armour "Bound Together" {Regen+, Bglg, Self} (curse)
rPois   +          Reflect  .    (helmet restricted)
rElec   +          Harm     .    y - +2 cloak of Ashenzari's Sun {Elem, Fort} (curse)
rCorr   .          Rampage  .    (gloves unavailable)
Will    ++...      Clarity  +    (boots unavailable)
Stlth   ++++......               C - amulet "Mantic Jealousy" {RegenMP, Elem, Self} (curse)
HPRegen 1.02/turn                k - ring "Sun of the Soothsayer" {Wiz, Melee, Bglg} (curse)
MPRegen 0.63/turn                E - ring of the Wild Blue Yonder {rPois Int+6 Slay+2 SInv Stlth+, Elem, Bglg} (curse)

@: very quick
A: very small, no large weapons, unfitting armour, see invisible, speed 3
a: Renounce Religion, Curse Item, Shatter the Chains


You were on level 5 of the Lair of Beasts.
You worshipped Ashenzari.
Ashenzari was extremely pleased with you.
You visited 3 branches of the dungeon, and saw 17 of its levels.

You collected 1200 gold pieces.

Inventory:

Hand Weapons
 I - the cursed +7 whip of the Prescient Jealousy (weapon) {protect, rElec Str+4, Self, Cun}
   (You took it off an orc on level 9 of the Dungeon)

   It grants its wielder temporary protection when it strikes (+7 to AC).
   Str:       It affects your strength (+4).
   rElec:     It insulates you from electricity.
   It has a curse which improves the following skills: Introspection: Fighting
   and Spellcasting.
   Cunning:   Dodging and Stealth.
 R - a +1 dagger of venom
   (You took it off Dowan on level 7 of the Dungeon)
Missiles
 N - a curare-tipped dart
Armour
 y - the cursed +2 cloak of Ashenzari's Sun (worn) {Elem, Fort}
   (You took it off Crazy Yiuf on level 6 of the Dungeon)

   It has a curse which improves the following skills: Elements: Fire Magic, Ice
   Magic, Air Magic and Earth Magic.
   Fortitude: Armour and Shields.
 A - a +2 robe of positive energy
   (You took it off Pikel on level 7 of the Dungeon)
 G - the cursed +0 troll leather armour "Bound Together" (worn) {Regen+, Bglg, Self}
   (You found it on level 10 of the Dungeon)

   Regen:     It increases your rate of health regeneration.
   It has a curse which improves the following skills: Beguiling: Conjurations,
   Hexes and Translocations.
   Introspection: Fighting and Spellcasting.
 H - the cursed +0 buckler of Ashenzari's Mysticism (worn) {Elem, Bglg}
   (You found it on level 9 of the Dungeon)

   It has a curse which improves the following skills: Elements: Fire Magic, Ice
   Magic, Air Magic and Earth Magic.
   Beguiling: Conjurations, Hexes and Translocations.
Magical Staves
 c - a staff of poison
   (You found it on level 1 of the Dungeon)
Jewellery
 k - the cursed ring "Sun of the Soothsayer" (left hand) {Wiz, Melee, Bglg}
   (You found it on level 2 of the Dungeon)

   [ring of wizardry]

   It improves your spell success rate.
   It has a curse which improves the following skills: Melee Combat: Short
   Blades, Long Blades, Axes, Maces & Flails, Polearms, Staves and Unarmed
   Combat.
   Beguiling: Conjurations, Hexes and Translocations.
 x - a ring of ice
   (You took it off a centaur on level 6 of the Dungeon)
 C - the cursed amulet "Mantic Jealousy" (around neck) {RegenMP, Elem, Self}
   (You found it on level 7 of the Dungeon)

   [amulet of magic regeneration]

   It increases your rate of magic regeneration.
   It has a curse which improves the following skills: Elements: Fire Magic, Ice
   Magic, Air Magic and Earth Magic.
   Introspection: Fighting and Spellcasting.
 E - the cursed ring of the Wild Blue Yonder (right hand) {rPois Int+6 Slay+2 SInv Stlth+, Elem, Bglg}
   (You acquired it on level 8 of the Dungeon)

   [ring of intelligence]

   Int:       It affects your intelligence (+6).
   Slay:      It affects your accuracy & damage with ranged weapons and melee
   (+2).
   rPois:     It protects you from poison.
   SInv:      It lets you see invisible.
   Stlth:     It makes you more stealthy.
   It has a curse which improves the following skills: Elements: Fire Magic, Ice
   Magic, Air Magic and Earth Magic.
   Beguiling: Conjurations, Hexes and Translocations.
 M - a ring of resist corrosion
   (You found it on level 10 of the Dungeon)
 P - a +6 ring of dexterity
   (You found it on level 1 of the Lair of Beasts)
Wands
 f - a wand of roots (18)
   (You took it off Ijyb on level 5 of the Dungeon)
 p - a wand of flame (25)
   (You found it on level 10 of the Dungeon)
 B - a wand of digging (9)
   (You took it off a wight on level 7 of the Dungeon)
 F - a wand of charming (12)
   (You found it on level 8 of the Dungeon)
 U - a wand of polymorph (8)
   (You found it on level 5 of the Lair of Beasts)
Scrolls
 a - a scroll of enchant armour
 g - 2 scrolls of poison
 m - 2 scrolls of summoning
 s - 2 scrolls of immolation
 t - 9 scrolls of teleportation
 u - a scroll of amnesia
 z - 2 scrolls of blinking
 J - a scroll of vulnerability
 K - 3 scrolls of enchant weapon
 O - a scroll of silence
 S - a scroll of butterflies
 T - a scroll of magic mapping
Potions
 b - a potion of magic
 d - 6 potions of might
 e - 2 potions of flight
 h - a potion of haste
 j - 3 potions of mutation
 l - 3 potions of degeneration
 n - 2 potions of resistance
 o - a potion of cancellation
 q - 5 potions of curing
 r - 4 potions of brilliance
 v - a potion of invisibility
 w - a potion of heal wounds
 D - 2 potions of attraction
 L - 2 potions of ambrosia
Miscellaneous
 i - a tin of tremorstones (2/2)
   (You found it on level 1 of the Lair of Beasts)
 Q - a phantom mirror
   (You found it on level 1 of the Lair of Beasts)


   Skills:
 - Level 5.6(10.0) Fighting
 - Level 8.4(10.8) Dodging
 - Level 3.0(5.0) Stealth
 - Level 2.5(4.4) Shields
 - Level 10.0(14.5) Spellcasting
 + Level 7.6(13.0) Conjurations
 - Level 10.0(15.4) Translocations
 - Level 14.5(20.0) Air Magic
 - Level 3.2 Evocations


You had 19 spell levels left.
You knew the following spells:

 Your Spells              Type           Power      Damage    Failure   Level
a - Shock                 Conj/Air       100%       1d9       0%          1
b - Airstrike             Air            44%        2d(7-23)  0%          4
c - Iskenderun's Mystic   Conj/Tloc      75%        2d15      1%          4
d - Arcjolt               Conj/Air       40%        1d50      1%          5
e - Maxwell's Capacitive  Air            44%        ∞         6%          8

Your spell library contained the following spells:

 Spells                   Type           Power      Damage    Failure   Level
 Static Discharge         Conj/Air       100%       2-7/arc   0%          2
 Swiftness                Air            89%        N/A       0%          3
 Dazzling Flash           Conj/Hex       100%       N/A       1%          3
 Gell's Gravitas          Tloc           78%        N/A       1%          3
 Kindle Blastsparks       Fire/Tloc/Air  100%       2d18      1%          3
 Lesser Beckoning         Tloc           78%        N/A       1%          3
 Teleport Other           Tloc           78%        N/A       1%          3
 Fulminant Prism          Conj/Hex       26%        3d14      1%          4
 Passage of Golubria      Tloc           78%        N/A       1%          4
 Lightning Bolt           Conj/Air       40%        1d59      1%          5
 Necrotise                Necr           72%        1d7       3%          1
 Tukima's Dance           Hex            23%        N/A       7%          3
 Vampiric Draining        Necr           18%        2d7       10%         3
 Starburst                Conj/Fire      26%        6d8       26%         6
 Lee's Rapid Deconstruct  Erth           11%        3d9*      52%         5
 Yara's Violent Unravell  Hex/Tmut       10%        3d6       56%         5
 Agony                    Necr           18%        N/A       63%         5


Dungeon Overview and Level Annotations

Branches:
Dungeon (11/15) Zot: 26224  Temple (1/1) D:5 Zot: 5962    Lair (5/5) D:11 Zot: 25661
 Shoals (0/4) Lair:3       Spider (0/4) Lair:2        Slime (0/5) Lair:5
    Orc (0/2) D:9

Altars:
Ashenzari
Cheibriados
Dithmenos
Elyvilon
Fedhas
Gozag
Hepliaklqana
Kikubaaqudgha
Makhleb
Nemelex Xobeh
Okawaru
Qazlal
Ru
Sif Muna
Trog
Uskayaw
Wu Jian
Xom
Yredelemnul
Zin
The Shining One
Jiyva

Shops:
D:4 *   D:8 (   D:9 :   D:11 :

Annotations:
D:2 Robin
D:5 Menkaure
D:9 exclusion: obsidian statue
Lair:4 3 runed translucent doors, Ozyhouw's ghost, journeyman GrEE


Innate Abilities, Weirdness & Mutations

You are very small and have problems with some larger weapons.
You are too small for most types of armour.
You have supernaturally acute eyesight. (SInv)
You cover ground extremely quickly. (Speed+++)


Message History

Aim: a fire crab (flame, severely wounded, empty space bonus: 8/8)
The air twists around and strikes the fire crab!!
You kill the fire crab!
You start resting.
You sense a monster nearby.
You start resting.
A basilisk comes into view.
Casting: Airstrike (safe; 0% risk of failure)
Confirm with . or Enter, or press ? or * to list all spells.
Aiming: Airstrike (safe; 0% risk of failure)
Press: ? - help, Dir - move target, f - basilisk
Aim: a basilisk (wandering, hasn't noticed you, empty space bonus: 8/8)
The air twists around and strikes the basilisk!!
You kill the basilisk!
Casting: Airstrike (safe; 0% risk of failure)
Confirm with . or Enter, or press ? or * to list all spells.
You can't see any susceptible monsters within range! (Use Z to cast anyway.) Unknown command.
Casting: Airstrike (safe; 0% risk of failure)
Confirm with . or Enter, or press ? or * to list all spells.
You can't see any susceptible monsters within range! (Use Z to cast anyway.) Unknown command.
Unknown command.
You start resting.
HP restored.
Unknown command.
You start resting.
Magic restored.
A komodo dragon comes into view.
A komodo dragon is nearby!
A komodo dragon is nearby!
Casting: Airstrike (safe; 0% risk of failure)
Confirm with . or Enter, or press ? or * to list all spells.
Aiming: Airstrike (safe; 0% risk of failure)
Press: ? - help, Dir - move target, f - komodo dragon
Aim: a komodo dragon (wandering, hasn't noticed you, empty space bonus: 8/8)
The air twists around and strikes the komodo dragon!
The komodo dragon hisses angrily.
The komodo dragon is lightly wounded.
Casting: Airstrike (safe; 0% risk of failure)
Confirm with . or Enter, or press ? or * to list all spells.
You can't see any susceptible monsters within range! (Use Z to cast anyway.) Unknown command.
Unknown command.
A komodo dragon is nearby!
Casting: Airstrike (safe; 0% risk of failure)
Confirm with . or Enter, or press ? or * to list all spells.
Aiming: Airstrike (safe; 0% risk of failure)
Press: ? - help, Dir - move target, f/p - komodo dragon
Aim: a komodo dragon (lightly wounded, empty space bonus: 7/8)
The air twists around and strikes the komodo dragon!
The komodo dragon is moderately wounded.
Casting: Airstrike (safe; 0% risk of failure)
Confirm with . or Enter, or press ? or * to list all spells.
Aiming: Airstrike (safe; 0% risk of failure)
Press: ? - help, Dir - move target, f/p - komodo dragon
Aim: a komodo dragon (moderately wounded, empty space bonus: 5/8)
The air twists around and strikes the komodo dragon!
The komodo dragon is severely wounded.
Casting: Airstrike (safe; 0% risk of failure)
Confirm with . or Enter, or press ? or * to list all spells.
Aiming: Airstrike (safe; 0% risk of failure)
Press: ? - help, Dir - move target, f/p - komodo dragon
Aim: a komodo dragon (severely wounded, empty space bonus: 4/8)
The air twists around and strikes the komodo dragon.
The komodo dragon is severely wounded.
Casting: Airstrike (safe; 0% risk of failure)
Confirm with . or Enter, or press ? or * to list all spells.
Aiming: Airstrike (safe; 0% risk of failure)
Press: ? - help, Dir - move target, f/p - komodo dragon
Aim: a komodo dragon (severely wounded, empty space bonus: 6/8)
The air twists around and strikes the komodo dragon.
The komodo dragon is almost dead.
Casting: Airstrike (safe; 0% risk of failure)
Confirm with . or Enter, or press ? or * to list all spells.
Aiming: Airstrike (safe; 0% risk of failure)
Press: ? - help, Dir - move target, f/p - komodo dragon
Aim: a komodo dragon (almost dead, empty space bonus: 8/8)
The air twists around and strikes the komodo dragon!
You kill the komodo dragon!
You start resting.
Magic restored.
Found a +0 ring mail and a +0 leather armour.
Key pressed, stopping explore.
The fire dragon roars deafeningly!
Okay, then.
Okay, then.
Okay, then.
Unknown command.
Press: ? - help, v - describe, . - travel, g - get item Item here: a book of Storms.
The floor.
You open the large door. The fire dragon breathes flames at you.
The blast of flame hits you!!!
Ouch! That really hurt!
The fire dragon breathes flames at you. The blast of flame hits you!!!
Ouch! That really hurt!
You die...

.#...........#######.............
.........##### #####............
.....)######### #≈≈###........[..
##..#######8#8###§≈####..........
########8#≈≈§§≈≈≈≈#####..........
##≈§≈≈≈..≈≈≈#######.........
~#####≈§§≈§....≈≈≈≈#######.......
§§#≈§≈§§§.§......≈§≈≈#######...##
#§≈≈§##.........@.....#######...#
##≈≈≈###..≈..≈...........####...#
##.§≈####≈≈..≈≈.§...........#...#
#8.####≈§≈≈.D≈§§§#.........###.##
....##≈§§##''##§§§#......#####..#
.....##§##....##.≈#.....#####...#
......#≈#......#.≈......####...##
..)...#≈#......#≈.......####....#
......≈§#......#≈#......#8###....


You could see a fire dragon (catching breath).

Vanquished Creatures
  3 hydras (Lair:5)
  3 two-headed ogres
  A death yak (Lair:5)
  A fire crab (Lair:5)
  Pikel (D:7)
  8 black mambas
  A torpor snail (Lair:4)
  6 cane toads
  2 molten gargoyles (Lair:5)
  A gargoyle (D:11)
  A rime drake (Lair:2)
  11 komodo dragons
  An unseen horror (D:10)
  A kobold demonologist (D:11)
  3 trolls
  13 blink frogs
  4 dream sheep (Lair:3)
  3 shadows
  3 culicivoras (Lair:2)
  4 wyverns
  3 basilisks (Lair:5)
  2 steam dragons (Lair:5)
  60 yaks
  Grum (D:10)
  An acid dragon (D:11)
  4 hell hounds (Lair:5)
  9 water moccasins
  Duvessa (D:7)
  3 orc warriors (D:9)
  An ice beast (D:7)
  4 black bears
  10 wolves
  7 centaurs
  4 lemures (D:7)
  A phantom (D:5)
  4 kobold brigands
  8 bullfrogs
  A gnoll sergeant (D:8)
  2 scorpions (D:5)
  8 wights (D:7)
  Dowan (D:7)
  3 killer bees (D:6)
  3 electric eels
  3 howler monkeys
  4 crimson imps (D:8)
  5 lava snakes (Lair:5)
  2 jellies
  8 hounds
  8 orc priests
  Crazy Yiuf (D:6)
  6 iguanas
  Jessica (D:3)
  A gnoll bouda (D:5)
  Ijyb (D:5)
  Natasha (twice) (D:3)
  7 orc wizards
  2 hell rats (Lair:1)
  9 gnolls
  9 adders
  10 river rats (Lair:1)
  2 shadow imps (D:8)
  2 white imps
  An ufetubus (D:6)
  64 orcs
  10 endoplasms
  2 giant cockroaches
  9 goblins
  11 hobgoblins
  8 jackals
  36 kobolds
  4 quokkas
  8 ball pythons
  8 bats
  4 frilled lizards
  6 rats
466 creatures vanquished.

Vanquished Creatures (others)
  3 bushes (D:9)
  A demonic plant (D:3)
  11 fungi
  28 plants
43 creatures vanquished.

Grand Total: 509 creatures vanquished

Notes
Turn   | Place    | Note
-------+----------+-------------------------------------------
     0 | D:1      | Flugkiller the Spriggan Air Elementalist began the quest
                  | for the Orb.
     0 | D:1      | Reached XP level 1. HP: 9/9 MP: 5/5
    73 | D:1      | Reached skill level 1 in Conjurations
   155 | D:1      | You fall into a shaft and drop 1 floor!
   256 | D:1      | Reached XP level 2. HP: 13/13 MP: 2/6
  1374 | D:2      | Reached XP level 3. HP: 16/16 MP: 6/8
  1693 | D:2      | Noticed Robin
  1970 | D:2      | Reached XP level 4. HP: 19/21 MP: 5/9
  2540 | D:3      | Found a hazy altar of Hepliaklqana.
  2701 | D:3      | Reached XP level 5. HP: 24/24 MP: 1/10
  2977 | D:3      | Noticed Jessica
  2981 | D:3      | Killed Jessica
  3200 | D:3      | Noticed Natasha
  3202 | D:3      | Killed Natasha
  3676 | D:3      | Found a faded altar of an unknown god.
  3676 | D:3      | Noticed an Ice Fiend
  4132 | D:3      | Reached XP level 6. HP: 28/28 MP: 9/11
  4192 | D:3      | Noticed Natasha
  4220 | D:3      | Killed Natasha
  4580 | D:4      | Reached skill level 3 in Air Magic
  4966 | D:4      | Noticed a water moccasin
  5023 | D:4      | Killed a water moccasin
  5024 | D:4      | Reached XP level 7. HP: 25/32 MP: 8/13
  5177 | D:4      | Learned a level 4 spell: Airstrike
  5322 | D:4      | Found Ozurog's Overcharged Wands.
  5598 | D:5      | Entered Level 5 of the Dungeon
  5683 | D:5      | Reached skill level 5 in Dodging
  5718 | D:5      | Reached skill level 4 in Air Magic
  5976 | D:5      | Noticed Menkaure
  5996 | D:5      | Reached skill level 5 in Spellcasting
  6119 | D:5      | Found a staircase to the Ecumenical Temple.
  6238 | Temple   | Entered the Ecumenical Temple
  6287 | Temple   | Became a worshipper of Ashenzari the Shackled
  6372 | D:5      | Reached XP level 8. HP: 20/36 MP: 6/17
  6613 | D:5      | Found a blossoming altar of Fedhas.
  6692 | D:5      | Noticed Ijyb
  6715 | D:5      | Killed Ijyb
  7107 | D:5      | Learned a level 4 spell: Iskenderun's Mystic Blast
  7414 | D:6      | Found a runed translucent door.
  7415 | D:6      | Noticed Crazy Yiuf
  7475 | D:6      | Reached skill level 1 in Translocations
  7476 | D:6      | Reached skill level 5 in Air Magic
  7553 | D:6      | Reached skill level 1 in Fighting
  8549 | D:6      | Killed Crazy Yiuf
  8593 | D:7      | Noticed Dowan
  8595 | D:7      | Noticed Duvessa
  8686 | D:6      | Reached * piety under Ashenzari
  8939 | D:7      | Reached skill level 5 in Translocations
  8939 | D:7      | Reached XP level 9. HP: 17/43 MP: 6/19
  9373 | D:7      | Noticed Pikel
  9393 | D:7      | Killed Duvessa
  9394 | D:7      | Reached skill level 6 in Air Magic
  9427 | D:7      | Killed Dowan
  9532 | D:7      | Killed Pikel
  9965 | D:7      | Reached skill level 10 in Translocations
  9985 | D:7      | Reached ** piety under Ashenzari
 10426 | D:7      | Reached skill level 1 in Evocations
 10479 | D:7      | Identified a scroll of acquirement
 11040 | D:8      | Acquired the ring of Gozag's Approval {rPois Int+6 Slay+2
                  | SInv Stlth+}
 11043 | D:8      | Reached *** piety under Ashenzari
 11175 | D:8      | Found Gono's Antique Weapon Shoppe.
 11530 | D:8      | Found a shimmering altar of Xom.
 11843 | D:8      | Identified the +3 short sword of Midnight {antimagic, rC+
                  | Str+2 Int+4 Dex+2}
 11964 | D:8      | Reached **** piety under Ashenzari
 12456 | D:9      | Reached XP level 10. HP: 47/51 MP: 20/23
 12521 | D:9      | Found a staircase to the Orcish Mines.
 12852 | D:9      | Found a sacrificial altar of Ru.
 12978 | D:9      | Noticed an obsidian statue
 12981 | D:9      | Found Agoymez's Book Emporium.
 13399 | D:9      | Identified the +7 whip of Breach {protect, rElec Str+4}
 13699 | D:10     | Entered Level 10 of the Dungeon
 13706 | D:10     | Noticed Grum
 13804 | D:10     | Killed Grum
 13818 | D:10     | Reached skill level 7 in Air Magic
 13882 | D:10     | Found an iron altar of Okawaru.
 13885 | D:10     | Noticed a two-headed ogre
 13899 | D:10     | Killed a two-headed ogre
 13999 | D:10     | Noticed a two-headed ogre
 14014 | D:10     | Killed a two-headed ogre
 14027 | D:10     | Reached skill level 8 in Air Magic
 14349 | D:10     | Found an ornate altar of the Wu Jian Council.
 14491 | D:11     | Found the +7 Kryia's mail coat {PotionHeal*2 rC+}
 14502 | D:11     | Reached XP level 11. HP: 58/58 MP: 18/27
 14685 | D:11     | Noticed a two-headed ogre
 14691 | D:11     | Reached skill level 9 in Air Magic
 14708 | D:11     | Killed a two-headed ogre
 14807 | D:11     | Found Dusa's Tremendous Tomes.
 14864 | D:11     | Reached skill level 1 in Shields
 15138 | D:11     | Reached ***** piety under Ashenzari
 15364 | D:11     | Found a staircase to the Lair.
 15404 | D:11     | Learned a level 5 spell: Arcjolt
 15466 | Lair:1   | Entered Level 1 of the Lair of Beasts
 15533 | Lair:1   | Reached skill level 5 in Conjurations
 15651 | Lair:1   | Identified the +1 leather armour "Ladaq" {rN+ Int+4}
 15682 | Lair:1   | Reached skill level 10 in Spellcasting
 15685 | Lair:1   | Reached skill level 10 in Air Magic
 15881 | Lair:1   | Reached XP level 12. HP: 63/63 MP: 14/30
 16434 | Lair:2   | Found a hole to the Spider Nest.
 16481 | Lair:2   | Reached skill level 11 in Air Magic
 17404 | Lair:3   | Reached skill level 12 in Air Magic
 17552 | Lair:3   | Found a staircase to the Shoals.
 17891 | Lair:4   | Found a runed translucent gate.
 17892 | Lair:4   | Found a runed translucent gate.
 17893 | Lair:4   | Found a runed translucent gate.
 17894 | Lair:4   | Noticed Ozyhouw's ghost (journeyman GrEE)
 18425 | Lair:5   | Entered Level 5 of the Lair of Beasts
 18436 | Lair:5   | Noticed a four-headed hydra
 18442 | Lair:5   | Noticed a seven-headed hydra
 18443 | Lair:5   | Reached skill level 13 in Air Magic
 18444 | Lair:5   | Killed a four-headed hydra
 18493 | Lair:5   | Noticed a death yak
 18497 | Lair:5   | Reached skill level 5 in Fighting
 18500 | Lair:5   | Killed a death yak
 18556 | Lair:5   | Reached XP level 13. HP: 52/72 MP: 0/32
 18932 | Lair:5   | Found a staircase to the Slime Pits.
 18932 | Lair:5   | Found a viscous altar of Jiyva.
 18957 | Lair:5   | Reached skill level 14 in Air Magic
 19723 | Lair:5   | Learned a level 8 spell: Maxwell's Capacitive Coupling
 20021 | Lair:5   | Found a large runed translucent door.
 20022 | Lair:5   | Found a large runed translucent door.
 20033 | Lair:5   | Noticed a fire dragon
 20125 | Lair:5   | Killed from afar by a fire dragon

Illustrated notes

Levels and vault maps discovered:
D:1:      minmay_arrival_stone_box, layout_basic
D:2:      minmay_alternating_diamond, layout_rooms, minmay_joined_circles,
          uniq_robin
D:3:      layout_basic, mainiacjoe_overflow_small_starburst,
          nicolae_overflow_hidden_temple,
          dreamdust_ecumenical_altar_sealed_demon, uniq_natasha, uniq_jessica
D:4:      layout_gridville, nicolae_shop_overcharged_wands
D:5:      layout_loops_ring, kennysheep_mini, temple_green, uniq_ijyb,
          uniq_menkaure
D:6:      layout_basic, hangedman_decor_push, kennysheep_generic_room_7,
          uniq_crazy_yiuf_cottage
D:7:      layout_layer_cave, uniq_duvessa, uniq_pikel
D:8:      layout_layer_cave, led_xom_imps, serial_shops,
          nicolae_shop_behind_doors
D:9:      minmay_statue_hallways, layout_loops_ring, nicolae_ru_awakened_eye,
          hiddenorc2_lemuel, serial_shops, shop, minmay_hedge_maze
D:10:     layout_cave_pools, mainiacjoe_overflow_alcove_4, old_standard_altar,
          kennysheep_small_square, uniq_grum
D:11:     layout_gridville, erik_lair_island, nicolae_shop_i_like_big_books
Temple:   hellmonk_temple_of_storms
Lair:1:   layout_cave_shapes, kennysheep_rathole, grunt_megastairs_2
Lair:2:   layout_chaotic_city, hellmonk_spider_entry_life_and_decay,
          grunt_megastairs_3, serial_bayou_shore_b, infiniplex_staircase_pool
Lair:3:   layout_roguey, minmay_shoals_entry_centaurs
Lair:4:   layout_regular_city, gammafunk_ghost_necromancy, serial_bayou_crossing
Lair:5:   cheibrodos_lair_end_hotspot, layout_regular_city, slime_entry_1,
          serial_bayou_lagoon_b

Skill      XL: |  1  2  3  4  5  6  7  8  9 10 11 12 13 |
---------------+----------------------------------------+-----
Conjurations   | 1 2 3 4 6 7 |  7.6
Dodging        | 3 5 6 8 |  8.4
Spellcasting   | 3 5 6 8 10 | 10.0
Air Magic      | 3 4 5 6 8 10 13 14 | 14.5
Translocations | 5 10 | 10.0
Fighting       | 2 3 4 5 |  5.6
Evocations     | 2 3 |  3.2
Shields        | 2 |  2.5
Stealth        | |  3.0

Action                   |  1- 3 |  4- 6 |  7- 9 | 10-12 | 13-15 || total
-------------------------+-------+-------+-------+-------+-------++-------
Melee: Dagger            |       |     7 |       |       |       ||     7
       Whip              |       |       |       |    45 |     3 ||    48
 Cast: Shock             |    90 |   163 |   352 |   281 |    17 ||   903
       Iskenderun's Myst |       |       |    10 |    24 |       ||    34
       Airstrike         |       |       |    23 |   128 |    88 ||   239
       Arcjolt           |       |       |       |    60 |    11 ||    71
       Maxwell's Capacit |       |       |       |       |     2 ||     2
Invok: Curse Item        |       |       |     5 |     4 |       ||     9
       Shatter the Chain |       |       |       |     2 |       ||     2
Evoke: Wand              |       |       |     1 |     2 |       ||     3
  Use: Scroll            |       |     4 |     4 |     2 |       ||    10
       Potion            |       |       |     2 |       |       ||     2
Armor: Robe              |     4 |     2 |     5 |     6 |       ||    17
       Troll leather arm |       |       |       |    12 |       ||    12
Dodge: Dodged            |    36 |    36 |   103 |   181 |    21 ||   377
Block: Buckler           |       |       |       |    16 |     4 ||    20

Table legend: (Time is in decaauts)
 A = Elapsed time spent in this place.
 B = Non-inter-level travel time spent in this place.
 C = Inter-level travel time spent in this place.
 D = Time resting spent in this place.
 E = Time spent auto-exploring this place.
 F = Levels seen in this place.
 G = Mean time per level.
                   A        B        C        D        E       F      G
               +--------+--------+--------+--------+--------+-----+--------+
         Total |  15228 |  14804 |    424 |   5905 |   6048 |  17 |  895.8 |
       Dungeon |  11810 |  11474 |    336 |   4993 |   4396 |  11 | 1073.6 |
        Temple |     37 |     23 |     14 |      0 |     13 |   1 |   37.0 |
          Lair |   3380 |   3307 |     73 |    912 |   1639 |   5 |  676.0 |
               +--------+--------+--------+--------+--------+-----+--------+

Top non-repeatable levels by time:
     D:2: 1497 daAuts
     D:6: 1474 daAuts
     D:7: 1428 daAuts
  Lair:5: 1201 daAuts
     D:9: 1173 daAuts
     D:5: 1145 daAuts
     D:4: 988 daAuts
     D:3: 962 daAuts
     D:8: 936 daAuts
     D:1: 929 daAuts
    D:11: 775 daAuts
  Lair:1: 611 daAuts
  Lair:2: 565 daAuts
  Lair:4: 516 daAuts
    D:10: 499 daAuts
